 Dungeon Crawl Stone Soup version 0.29-a0-275-g389c0b56f3 (webtiles) character file.

Game seed: 15960325374013152666

201 sammy202020 the Skirmisher (level 5, -2/51 HPs)
             Began as a Naga Berserker on Mar 13, 2022.
             Was a Follower of Trog.
             Slain by an ogre
             ... wielding a +0 giant club
              (22 damage)
             ... on level 4 of the Dungeon.
             The game lasted 00:06:31 (3457 turns).

sammy202020 the Skirmisher (Naga Berserker)         Turns: 3457, Time: 00:06:31

Health: -2/51      AC:  6    Str: 24    XL:     5   Next: 79%
Magic:  5/5        EV:  8    Int:  9    God:    Trog [*.....]
Gold:   188        SH:  0    Dex: 10    Spells: 4/4 levels left

rFire   . . .      SeeInvis +   a - +1 mace
rCold   + . .      Faith    .   (no shield)
rNeg    + . .      Spirit   .   h - +0 scale mail
rPois   +          Reflect  .   (no helmet)
rElec   .          Harm     .   (no cloak)
rCorr   +          Rampage  .   c - +0 pair of gloves
Will    .....                   (no barding)
Stlth   +.........              (no amulet)
HPRegen 0.17/turn               f - ring of protection from cold
MPRegen 0.09/turn               o - ring of Dim Light {Wiz rN+ rCorr Str+4 Stlth+}

@: very slow
A: AC +1, large, see invisible, deformed body, poison resistance, slowness 2,
spit poison 1, naga tail 1
a: Spit Poison, Renounce Religion, Berserk


You were on level 4 of the Dungeon.
You worshipped Trog.
Trog was aware of your devotion.
You visited 1 branch of the dungeon, and saw 4 of its levels.

You collected 188 gold pieces.

Inventory:

Hand Weapons
 a - a +1 mace (weapon)
Armour
 c - a +0 pair of gloves (worn)
 h - a +0 scale mail (worn)
Jewellery
 f - a ring of protection from cold (left hand)
 o - the ring of Dim Light (right hand) {Wiz rN+ rCorr Str+4 Stlth+}
   (You found it on level 4 of the Dungeon)

   [ring of wizardry]

   It improves your spell success rate.
   Str:       It affects your strength (+4).
   rN:        It protects you from negative energy.
   rCorr:     It protects you from acid and corrosion.
   Stlth:     It makes you more stealthy.
Wands
 i - a wand of iceblast (7)
 l - a wand of polymorph (8)
 m - a wand of digging (5)
Scrolls
 j - a scroll of fear {unknown}
 k - a scroll of immolation {unknown}
 p - a scroll of torment {unknown}
 q - 3 scrolls of holy word {unknown}
Potions
 b - a potion of brilliance
 d - a potion of heal wounds
 e - 3 potions of flight
 g - a potion of resistance
 n - a potion of berserk rage {unknown}


   Skills:
 * Level 4.3 Fighting
 * Level 4.3 Maces & Flails
 + Level 2.3 Armour
 + Level 2.3 Dodging


You had 4 spell levels left.
You didn't know any spells.
Your spell library was empty.

Dungeon Overview and Level Annotations

Branches:
Dungeon (4/15)
 Temple: D:4-7

Altars:
Sif Muna
The Shining One


Innate Abilities, Weirdness & Mutations

Your serpentine skin is tough. (AC +1)
You have supernaturally acute eyesight. (SInv)
Armour fits poorly on your strangely shaped body.
Your system is resistant to poisons. (rPois)
You cover ground very slowly.
You can spit poison.
You have a snake-like lower body.


Message History

There is a stone staircase leading up here.
j - a scroll labelled ASUGRU XUTHUUNA
k - a scroll labelled ILLOUP WEACI
o - the ring of Dim Light {Wiz rN+ rCorr Str+4 Stlth+} You feel stronger.
o - the ring of Dim Light (right hand) {Wiz rN+ rCorr Str+4 Stlth+}
Found a stone staircase leading down.
Found 24 stones.
Found a robe.
p - a scroll labelled VUEGODUXKO
q - 3 scrolls labelled ZAUCEBO XY MIS You see here a +0 robe.
Found a mace.
You open the door.
There is an open door here.
You open the door. You open the door.
There is an open door here.
You open the door.
There is an open door here.
You open the door.
There is an open door here.
You open the door.
There is an open door here.
You open the door.
An ogre comes into view. It is wielding a +0 giant club.
The splash of poison hits the ogre.
The ogre is lightly wounded.
The ogre closely misses you.
You hit the ogre.
The ogre is moderately wounded.
You hit the ogre but do no damage.
The ogre is moderately wounded.
You have got your breath back.
The ogre hits you with a +0 giant club!!
Ouch! That really hurt!
You hit the ogre.
The ogre is heavily wounded.
The ogre hits you with a +0 giant club!!
You die...

#...'.'...#
#........#
#.###.###.#
#......... #.# #.#
#.......>#
###.###'###........#
..........+........#
###.###'###........
#.# #.# #.###.###.#
#...O@'...#
#####.##### #.# #+#


You could see an ogre.

Vanquished Creatures
  An orc priest (D:3)
  Jessica (D:3)
  3 orc wizards (D:3)
  2 adders
  3 dart slugs
  4 orcs (D:3)
  3 endoplasms
  3 goblins
  3 hobgoblins
  4 jackals (D:1)
  3 quokkas
  6 ball pythons
  3 bats
  5 frilled lizards
  3 kobolds
  2 rats
49 creatures vanquished.

Notes
Turn   | Place    | Note
-------+----------+-------------------------------------------
     0 | D:1      | sammy202020 the Naga Berserker began the quest for the Orb.
     0 | D:1      | Reached XP level 1. HP: 21/21 MP: 1/1
   274 | D:1      | Reached XP level 2. HP: 23/28 MP: 2/2
  1571 | D:2      | Reached XP level 3. HP: 27/34 MP: 3/3
  1709 | D:2      | Found a faded altar of an unknown god.
  1778 | D:2      | Found a glowing golden altar of the Shining One.
  2453 | D:3      | Reached XP level 4. HP: 44/44 MP: 4/4
  2461 | D:3      | Reached XP level 5. HP: 44/50 MP: 5/5
  2951 | D:3      | Noticed Jessica
  2962 | D:3      | Found a shimmering blue altar of Sif Muna.
  2964 | D:3      | Killed Jessica
  3401 | D:4      | Identified the ring of Dim Light {Wiz rN+ rCorr Str+4
                  | Stlth+}
  3453 | D:4      | Noticed an ogre
  3457 | D:4      | Slain by an ogre

Illustrated notes

Levels and vault maps discovered:
D:1:      dpeg_arrival_stone_temple_mockup, layout_basic
D:2:      layout_rooms, hellmonk_ecumenical_altar_run_dry, basic_altar
D:3:      layout_loops_ring, tgw_sif, st_stairs_10
D:4:      layout_rooms, minmay_door_square, minivault_5, minmay_lizard_king,
          uniq_menkaure

Skill      XL: |  1  2  3  4 |
---------------+-------------+-----
Armour         | 2 |  2.3
Dodging        | 2 |  2.3
Fighting       | 4 |  4.3
Maces & Flails | 4 |  4.3

Action                   |  1- 3 |  4- 6 || total
-------------------------+-------+-------++-------
Melee: Mace              |   117 |    29 ||   146
Invok: Berserk           |     1 |       ||     1
 Abil: Spit Poison       |    21 |     8 ||    29
  Use: Scroll            |     3 |     4 ||     7
Armor: Animal skin       |    12 |       ||    12
       Scale mail        |    22 |     7 ||    29
       Skin              |     1 |       ||     1
Dodge: Dodged            |    68 |     9 ||    77

Table legend: (Time is in decaauts)
 A = Elapsed time spent in this place.
 B = Non-inter-level travel time spent in this place.
 C = Inter-level travel time spent in this place.
 D = Time resting spent in this place.
 E = Time spent auto-exploring this place.
 F = Levels seen in this place.
 G = Mean time per level.
                   A        B        C        D        E       F      G
               +--------+--------+--------+--------+--------+-----+--------+
         Total |   4172 |   4143 |     29 |    337 |   3184 |   4 | 1043.0 |
       Dungeon |   4172 |   4143 |     29 |    337 |   3184 |   4 | 1043.0 |
               +--------+--------+--------+--------+--------+-----+--------+

Top non-repeatable levels by time:
     D:1: 1518 daAuts
     D:3: 1444 daAuts
     D:2: 1124 daAuts
     D:4: 85 daAuts
